 Dungeon Crawl Stone Soup version 0.31-a0-233-g139696dc86 (webtiles) character file.

Game seed: 5650311174518546011

101 qw the Shooter (level 4, 0/26 HPs)
             Began as a Gargoyle Hexslinger on July 8, 2023.
             Slain by a worm (8 damage)
             ... on level 4 of the Dungeon.
             The game lasted 00:01:03 (2647 turns).

qw the Shooter (Gargoyle Hexslinger)                Turns: 2647, Time: 00:01:03

Health: 0/26       AC: 10    Str: 12    XL:     4   Next: 75%
Magic:  5/5        EV: 10    Int: 13    God:
Gold:   99         SH:  0    Dex: 14    Spells: 4/5 levels left

rFire   . . .        Y - +2 sling
rCold   + . .        (no shield)
rNeg    + . .        j - +0 ring mail
rPois   inf          d - +1 helmet
rElec   +            (no cloak)
rCorr   .            (no gloves)
SInv    .            (no boots)
Will    .....        (no amulet)
Stlth   +            c - ring of protection from cold
HPRegen 0.24/turn    (no ring)
MPRegen 0.09/turn

%: no passive effects
@: no status effects
A: sickness immunity, AC +3, negative energy resistance 1, electricity
resistance, torment resistance 1, petrification resistance
a: no special abilities


You were on level 4 of the Dungeon.
You visited 1 branch of the dungeon, and saw 4 of its levels.

You collected 155 gold pieces.
You spent 56 gold pieces at shops.


Innate Abilities, Weirdness & Mutations

You are immune to sickness and miasma.
Your stone body is resilient. (AC +3)
You are immune to poison.
You resist negative energy. (rN+)
You are resistant to electric shocks. (rElec)
You are resistant to unholy torment.
You are immune to petrification.


   Skills:
 - Level 2.0 Fighting
 + Level 4.3 Ranged Weapons
 - Level 1.0 Armour
 - Level 1.5 Dodging
 - Level 1.0 Spellcasting
 - Level 2.6 Hexes


You had 4 spell levels left.
You knew the following spells:

 Your Spells              Type           Power      Damage    Failure   Level
a - Slow                  Hex            28%        N/A       22%         1

Your spell library contained the following spells:

 Spells                   Type           Power      Damage    Failure   Level
 Inner Flame              Hex/Fire       4%         N/A       73%         3
 Portal Projectile        Hex/Tloc       8%         N/A       73%         3
 Cause Fear               Hex            3%         N/A       91%         4

Inventory:

Hand Weapons
 Y - a +2 sling (weapon)
Armour
 d - a +1 helmet (worn)
 j - a +0 ring mail (worn)
Jewellery
 c - a ring of protection from cold (left hand)
Scrolls
 a - 2 scrolls of identify
 e - a scroll of teleportation
 g - a scroll of noise {unknown}
Potions
 b - a potion of haste {unknown}
 f - a potion of lignification {unknown}
 h - a potion of might
 k - a potion of mutation

Dungeon Overview and Level Annotations

Branches:
Dungeon (4/15)
 Temple: D:4-7

Altars:
Ashenzari
Makhleb
Ru

Shops:
D:1 (   D:3 ?


Message History

You kill the hobgoblin!
The kobold barely misses you.
You shoot a sling bullet. The sling bullet hits the kobold.
The kobold is moderately wounded.
The kobold barely misses you.
You shoot a sling bullet.
The sling bullet hits the kobold but does no damage.
The kobold is moderately wounded.
The kobold hits you but does no damage.
You shoot a sling bullet.
The sling bullet barely misses the worm.
The kobold hits you with a +0 dagger. The worm bites you but does no damage.
The kobold hits you but does no damage.
You shoot a sling bullet. The sling bullet hits the worm.
The worm is moderately wounded.
The kobold closely misses you. The worm bites you!
You shoot a sling bullet. The sling bullet hits the worm.
The worm is moderately wounded.
The kobold barely misses you. The worm barely misses you.
You shoot a sling bullet.
The sling bullet barely misses the worm.
The kobold hits you but does no damage. The worm bites you but does no damage.
The kobold hits you but does no damage.
You shoot a sling bullet.
The sling bullet barely misses the worm.
The kobold hits you with a +0 dagger. The worm bites you.
You shoot a sling bullet. The sling bullet hits the worm.
The worm is moderately wounded.
The kobold closely misses you.
You shoot a sling bullet. The sling bullet hits the worm.
The worm is severely wounded.
The kobold hits you but does no damage. The worm bites you!
The kobold barely misses you.
You shoot a sling bullet.
The sling bullet barely misses the worm.
The kobold hits you but does no damage. The worm bites you but does no damage.
You shoot a sling bullet.
The sling bullet barely misses the worm.
The kobold barely misses you. The worm bites you!
You die...

#..# #.... #..# +..._ ##
#..# #.... ..
##.#####...) #. .#
#....#....% #.
....####..#}.##' #.
#........####..
.!.#.#K###..###......#..
._....w@.##..........#..
...#.#.#.#####.##....#.+
#.#.#####.##.#.....
#.#....##.##.......
#.####.##.#..#..##. ..
#.......#..###
########.....#..#
........##.....###
.................#


You could see a worm and a kobold.

Vanquished Creatures
  An adder (D:2)
  2 worms
  A dart slug (D:1)
  5 orcs
  10 ball pythons
  12 endoplasms
  3 giant cockroaches (D:1)
  2 goblins
  5 hobgoblins
  4 jackals (D:1)
  6 kobolds
  5 quokkas
  6 bats
  A frilled lizard (D:2)
  5 rats
68 creatures vanquished.

Notes
Turn   | Place    | Note
-------+----------+-------------------------------------------
     0 | D:1      | qw the Gargoyle Hexslinger began the quest for the Orb.
     0 | D:1      | Reached XP level 1. HP: 12/12 MP: 2/2
     0 | D:1      | 0 ||| qw: Version: 0.3-a-46-gb1f654a
     0 | D:1      | 0 ||| qw: Game counter: 3738
     0 | D:1      | 0 ||| qw: Melee chars always use a shield: true
     0 | D:1      | 0 ||| qw: God list: Okawaru
     0 | D:1      | 0 ||| qw: Allow faded altars: false
     0 | D:1      | 0 ||| qw: Do Orc after clearing Dungeon:15 true
     0 | D:1      | 0 ||| qw: Do second Lair branch before Depths: true
     0 | D:1      | 0 ||| qw: Lair rune preference: random
     0 | D:1      | 0 ||| qw: Goals: Normal
     0 | D:1      | 0 ||| PLANNING D:1-11
    61 | D:1      | Reached XP level 2. HP: 16/16 MP: 3/3
   119 | D:1      | Reached skill level 3 in Ranged Weapons
   154 | D:1      | Found a faded altar of an unknown god.
   231 | D:1      | Found Anly's Antique Weapon Emporium.
   236 | D:1      | 236 ||| SHOPLISTING twisted shortbow (216 gold, have 0).
   302 | D:1      | Reached XP level 3. HP: 20/21 MP: 4/4
   747 | D:1      | 747 ||| UPGRADING to +0 leather armour.
   757 | D:1      | 757 ||| DROPPING +0 robe.
   758 | D:1      | 758 ||| READING 2 scrolls labelled MYOVAI FOZIDU.
   759 | D:1      | 759 ||| READING 2 scrolls labelled LUUCUM INGIENT.
   762 | D:1      | 762 ||| READING scroll labelled ZECSUZ BUSUSI.
   763 | D:1      | 763 ||| DRINKING 2 ruby potions.
   764 | D:1      | 764 ||| DROPPING scroll of poison.
   765 | D:1      | 765 ||| DROPPING potion of attraction.
   958 | D:2      | Reached XP level 4. HP: 26/26 MP: 5/5
  1076 | D:2      | Identified the +0 chain mail of the New World {Harm Fly
                  | Dex+2}
  1258 | D:2      | Reached skill level 4 in Ranged Weapons
  1510 | D:2      | 1510 ||| UPGRADING to +1 helmet.
  1515 | D:2      | 1515 ||| UPGRADING to +0 ring mail.
  1525 | D:2      | 1525 ||| DROPPING +0 leather armour.
  1526 | D:2      | 1526 ||| DROPPING amulet of magic regeneration.
  1527 | D:2      | 1527 ||| READING scroll labelled JENEZU EBRASMO.
  1528 | D:2      | 1528 ||| READING scroll labelled FICYOG MEUTHRE.
  1629 | D:2      | 1629 ||| READING scroll labelled ABISHR ZUERAMNEKUL.
  1630 | D:2      | 1630 ||| READING 2 scrolls of identify.
  1630 | D:2      | 1630 ||| IDENTIFYING fizzy pink potion
  1631 | D:2      | 1631 ||| DROPPING potion of brilliance.
  1657 | D:3      | Found Gixit's Magic Scroll Emporium.
  1663 | D:3      | 1663 ||| BUYING 2 scrolls of identify (56 gold).
  1663 | D:3      | Bought 2 scrolls of identify for 56 gold pieces
  1663 | D:3      | 1663 ||| SHOPLISTING 3 scrolls of teleportation (126 gold,
                  | have 18).
  1663 | D:3      | 1663 ||| SHOPLISTING scroll of identify (28 gold, have 18).
  1663 | D:3      | 1663 ||| SHOPLISTING scroll of teleportation (42 gold, have
                  | 18).
  1717 | D:3      | Found a burning altar of Makhleb.
  1763 | D:3      | 1763 ||| FLEEEEING.
  1925 | D:3      | Reached skill level 1 in Armour
  2415 | D:3      | 2415 ||| UPGRADING to ring of protection from cold.
  2416 | D:3      | 2416 ||| READING 3 scrolls labelled PAOBUC ROHARHYU.
  2417 | D:3      | 2417 ||| READING 4 scrolls of identify.
  2417 | D:3      | 2417 ||| IDENTIFYING pink potion
  2418 | D:3      | 2418 ||| READING 3 scrolls of identify.
  2418 | D:3      | 2418 ||| IDENTIFYING orange potion
  2419 | D:3      | 2419 ||| READING 2 scrolls of identify.
  2419 | D:3      | 2419 ||| IDENTIFYING bubbling clear potion
  2420 | D:3      | 2420 ||| DROPPING 2 scrolls of fog.
  2421 | D:3      | 2421 ||| DROPPING potion of ambrosia.
  2510 | D:4      | Found a broken altar of Ashenzari.
  2631 | D:4      | Found a sacrificial altar of Ru.
  2647 | D:4      | Slain by a worm

Levels and vault maps discovered:
D:1:      lemuel_arrival_funnel, layout_loops_ring,
          ebering_ecumenical_altar_mist, serial_shops, shop, st_stairs_11,
          minmay_misc_feat_roman, minmay_worlds_worst_comb
D:2:      layout_basic
D:3:      layout_basic, lemuel_crystal_altar, serial_shops,
          nicolae_shop_advertising_works [nicolae_subvault_shop_adworks]
D:4:      layout_rooms, evilmike_ruin_ashenzari,
          nicolae_ru_sacrificial_ziggurat, roderic_lattice_a

Skill      XL: |  1  2  3  4 |
---------------+-------------+-----
Ranged Weapons | 3 4 |  4.3
Fighting       | 2 |  2.0
Armour         | 1 |  1.0
Dodging        | |  1.5
Spellcasting   | |  1.0
Hexes          | |  2.6

Action                     |  1- 3 |  4- 6 || total
---------------------------+-------+-------++-------
   Fire: Sling             |   136 |    92 ||   228
    Use: Scroll            |     3 |     8 ||    11
         Potion            |     1 |       ||     1
 Armour: Robe              |    26 |       ||    26
         Leather armour    |    14 |     5 ||    19
         Ring mail         |       |    12 ||    12
  Dodge: Dodged            |    82 |    18 ||   100

Table legend:
 A = Non-vault XP
 B = Vault XP
 C = Vault XP percentage of total XP
 D = Non-vault monster count
 E = Vault monster count
 F = Vault count percentage of total count
                 A         B        C        D         E       F
            +---------+---------+-------+---------+---------+-------
      Total |     134 |      11 |   7.6 |      62 |       6 |   8.8
            +---------+---------+-------+---------+---------+-------
        D:1 |      37 |      11 |  22.9 |      19 |       6 |  24.0
        D:2 |      51 |       0 |   0.0 |      21 |       0 |   0.0
        D:3 |      26 |       0 |   0.0 |      12 |       0 |   0.0
        D:4 |      20 |       0 |   0.0 |      10 |       0 |   0.0
            +---------+---------+-------+---------+---------+-------
